 Dungeon Crawl Stone Soup version 0.30-a0-591-g3c58d2bc28 (webtiles) character file.

Game seed: 13229234218012140111

17 sokol815 the Sneak (level 2, -1/15 HPs)
             Began as a Vine Stalker Brigand on Jan 5, 2023.
             Slain by a gnoll
             ... wielding a +0 flail
              (3 damage)
             ... on level 1 of the Dungeon.
             The game lasted 00:00:58 (574 turns).

sokol815 the Sneak (Vine Stalker Brigand)            Turns: 574, Time: 00:00:58

Health: -1/15      AC:  3    Str: 13    XL:     2   Next: 62%
Magic:  0/3        EV: 11    Int: 11    God:
Gold:   22         SH:  0    Dex: 15    Spells: 1/1 levels left

rFire   . . .      SeeInvis .    h - +0 hand axe
rCold   . . .      Faith    .    (no shield)
rNeg    . . .      Spirit   +    b - +0 robe
rPois   .          Reflect  .    (no helmet)
rElec   .          Harm     .    c - +0 cloak
rCorr   .          Rampage  .    (no gloves)
Will    .....                    (no boots)
Stlth   +++                      (no amulet)
HPRegen 0.22/turn                (no ring)
MPRegen 0.08/turn                (no ring)

@: no status effects
A: fangs 2, magic shield, antimagic bite, no potion heal 2
a: no special abilities


You were on level 1 of the Dungeon.
You visited 1 branch of the dungeon, and saw 1 of its levels.

You collected 22 gold pieces.

Inventory:

Hand Weapons
 a - a +2 dagger
 h - a +0 hand axe (weapon)
   (You found it on level 1 of the Dungeon)
Missiles
 d - 12 poisoned darts
 e - 7 curare-tipped darts
Armour
 b - a +0 robe (worn)
 c - a +0 cloak (worn)
Magical Staves
 k - a staff of earth
   (You found it on level 1 of the Dungeon)
Scrolls
 f - a scroll of blinking {unknown}
 l - a scroll of identify {unknown}
Potions
 g - 3 potions of heal wounds {unknown}
 i - a potion of haste {unknown}
 j - a potion of ambrosia {unknown}


   Skills:
 - Level 1.7 Fighting
 - Level 1.7 Short Blades
 - Level 1.7 Throwing
 - Level 0.7 Dodging
 + Level 5.8 Stealth


You had one spell level left.
You didn't know any spells.
Your spell library was empty.

Dungeon Overview and Level Annotations

Branches:
Dungeon (1/15) Zot: 5414

Altars:


Innate Abilities, Weirdness & Mutations

You have extremely sharp teeth.
When hurt, damage is shared between your health and your magic reserves.
Your bite disrupts and absorbs the magic of your enemies.
Potions cannot restore your health.


Message History

A rat comes into view.
Health restored: 15 A goblin comes into view.
It is wielding a +0 dagger.
The goblin shouts!
The rat bites you but does no damage.
You closely miss the rat. Your bite misses the rat. The rat bites you.
You take 1 damage, and have 14/15 hp.
You hit the rat but do no damage. Your bite misses the rat.
The rat barely misses you.
You slash the rat!
You kill the rat!
Health restored: 15 You hit the goblin.
You bite the goblin, but do no damage. The goblin hits you but does no damage.
You barely miss the goblin. Your bite misses the goblin.
The goblin hits you with a +0 dagger.
An endoplasm comes into view.
You take 3 damage, and have 12/15 hp.
The endoplasm quivers.
You hit the goblin.
You kill the goblin!
The endoplasm barely misses you.
You hit the endoplasm but do no damage. The endoplasm freezes you.
You are frozen.
You take 4 damage, and have 9/15 hp.
MASSIVE DAMAGE!!
You now have 2/3 mp.
You hit the endoplasm but do no damage. You bite the endoplasm.
You drain its power.
You feel invigorated. The endoplasm freezes you.
You are frozen.
You take 2 damage, and have 7/15 hp.
MP restored: 3 You hit the endoplasm but do no damage.
The endoplasm closely misses you.
You hit the endoplasm.
You kill the endoplasm!
j - a white potion Health restored: 15 A rat comes into view.
You hit the rat.
You kill the rat!
No target in view!
No target in view!
k - a staff of earth A giant cockroach comes into view.
You see here 6 gold pieces.
The helpless giant cockroach fails to defend itself.
You hit the giant cockroach but do no damage.
The giant cockroach waves its antennae.
The giant cockroach bites you.
You take 1 damage, and have 14/15 hp.
You hit the giant cockroach but do no damage.
Your bite misses the giant cockroach. The giant cockroach closely misses you.
The giant cockroach bites you.
You take 1 damage, and have 13/15 hp.
You completely miss the giant cockroach.
You bite the giant cockroach. You drain its power.
The giant cockroach bites you but does no damage.
The giant cockroach barely misses you.
You hit the giant cockroach but do no damage.
The giant cockroach closely misses you.
You barely miss the giant cockroach. You bite the giant cockroach.
You drain its power.
The giant cockroach waves its antennae.
The giant cockroach bites you but does no damage.
The giant cockroach misses you.
You hit the giant cockroach.
You kill the giant cockroach!
No target in view!
You now have 22 gold pieces (gained 6).
l - a scroll labelled KONITUDIME Health restored: 15
Found a stone staircase leading down.
You see here a +0 hand axe.
A rat comes into view.
The helpless rat fails to defend itself.
You hit the rat but do no damage. Your bite misses the rat.
The rat closely misses you.
You hit the rat but do no damage. The rat bites you but does no damage.
You hit the rat.
You kill the rat!
No target in view!
No target in view!
A gnoll comes into view. It is wielding a +0 flail.
A goblin comes into view. It is wielding a +0 club.
The helpless gnoll fails to defend itself.
You hit the gnoll. You bite the gnoll. You drain its power.
The gnoll hits you with a +0 flail!
You take 7 damage, and have 8/15 hp.
MASSIVE DAMAGE!!
You now have 2/3 mp.
You hit the gnoll but do no damage. The gnoll hits you with a +0 flail!
* * * LOW HITPOINT WARNING * * *
You take 7 damage, and have 1/15 hp.
MASSIVE DAMAGE!!
You now have 0/3 mp.
The gnoll attacks as you move away! The gnoll barely misses you.
The gnoll attacks as you move away! The gnoll hits you with a +0 flail.
You die...

....# .# ###.# .g #.#
.# ###.# ###.####.
..#.# ##.........
#.#.# ######.#
.......
#...#####.....###...#
#......##.####.#g#
....)..##.# #..@#
##.###.##.# #.#.# #.#
#.##.# #.#.# #.#
#.##.# #.#.# #.#
#.##.# #.#.# #.#
#.##.####.#.# #.
#...........#
######...##.. ...#


You could see a gnoll and a goblin (asleep).

Vanquished Creatures
  3 endoplasms (D:1)
  2 giant cockroaches (D:1)
  A goblin (D:1)
  4 jackals (D:1)
  A ball python (D:1)
  A kobold (D:1)
  3 rats (D:1)
15 creatures vanquished.

Notes
Turn   | Place    | Note
-------+----------+-------------------------------------------
     0 | D:1      | sokol815 the Vine Stalker Brigand began the quest for the
                  | Orb.
     0 | D:1      | Reached XP level 1. HP: 11/11 MP: 2/2
   247 | D:1      | Reached skill level 5 in Stealth
   308 | D:1      | Reached XP level 2. HP: 12/15 MP: 3/3
   572 | D:1      | HP: 1/15 [gnoll/+0 flail (7)]
   574 | D:1      | Slain by a gnoll

Illustrated notes

Levels and vault maps discovered:
D:1:      dpeg_arrival_circle_labyrinth_c, layout_loops_ring,
          basic_ecumenical_altar, minmay_pentomino_x2

Skill      XL: |  1 |
---------------+----+-----
Stealth        | 5 |  5.8
Fighting       | |  1.7
Short Blades   | |  1.7
Throwing       | |  1.7
Dodging        | |  0.7

Action                   || total
-------------------------++-------
Melee: Hand axe          ||    40
       Bite              ||    10
Throw: Stone             ||    11
 Stab: Sleeping          ||     4
Armor: Robe              ||     8
Dodge: Dodged            ||    21

Table legend: (Time is in decaauts)
 A = Elapsed time spent in this place.
 B = Non-inter-level travel time spent in this place.
 C = Inter-level travel time spent in this place.
 D = Time resting spent in this place.
 E = Time spent auto-exploring this place.
 F = Levels seen in this place.
 G = Mean time per level.
                   A        B        C        D        E       F      G
               +--------+--------+--------+--------+--------+-----+--------+
         Total |    585 |    585 |      0 |      0 |    464 |   1 |  585.0 |
       Dungeon |    585 |    585 |      0 |      0 |    464 |   1 |  585.0 |
               +--------+--------+--------+--------+--------+-----+--------+

Top non-repeatable levels by time:
     D:1: 585 daAuts

Table legend:
 A = Kills in this place as a percentage of kills in entire the game.
 B = Kills by you in this place as a percentage of kills by you in the entire game.
 C = Kills by friends in this place as a percentage of kills by friends in the entire game.
 D = Other kills in this place as a percentage of other kills in the entire game.
 E = Experience gained in this place as a percentage of experience gained in the entire game.
 F = Experience gained in this place divided by the number of levels of this place that you have seen.
                   A       B       C       D       E      F
               +-------+-------+-------+-------+-------+----------------------
         Total | 100.0 | 100.0 |   N/A |   N/A | 100.0 |  25.0
       Dungeon | 100.0 | 100.0 |   N/A |   N/A | 100.0 |  25.0
               +-------+-------+-------+-------+-------+----------------------
